 Dungeon Crawl Stone Soup version 0.20-a0-350-ga83eecc (webtiles) character file.

4858 Leibowitz the Slicer (level 10, 0/64 HPs)
             Began as a Kobold Gladiator on Dec 23, 2016.
             Was an Initiate of Gozag.
             Impaled on a porcupine's spines (11 damage)
             ... on level 8 of the Dungeon on Dec 24, 2016.
             The game lasted 00:31:17 (9325 turns).

Leibowitz the Slicer (Kobold Gladiator)             Turns: 9325, Time: 00:31:17

Health: 0/64       AC:  6    Str: 13      XL:     10   Next: 78%
Magic:  10/10      EV: 20    Int:  7 (9)  God:    Gozag
Gold:   662        SH:  7    Dex: 16 (19) Spells: 9/9 levels left

rFire  . . .     SeeInvis +     a - +3 rapier (venom)
rCold  . . .     Gourm    .     b - +0 leather armour
rNeg   . . .     Faith    .     r - +2 buckler
rPois  .         Spirit   .     c - +1 helmet
rElec  .         Reflect  .     (no cloak)
rCorr  .         Harm     .     h - +0 pair of gloves
MR     .....                    (no boots)
Stlth  ++++......               (no amulet)
                                (no ring)
                                n - ring of see invisible

@: lethally poisoned (0 -> -1), gold aura
A: carnivore 3
a: Potion Petition, Call Merchant, Bribe Branch, Renounce Religion


You were on level 8 of the Dungeon.
You worshipped Gozag.
Gozag was pleased with you.
You were near starving.

You visited 2 branches of the dungeon, and saw 9 of its levels.

You collected 945 gold pieces.
You spent 189 gold pieces at shops.
You paid 94 gold pieces to Gozag.

Inventory:

Hand Weapons
 a - a +3 rapier of venom (weapon)
 m - the +1 rapier of Umurcha {drain, rF+}
   (You bought it in a shop on level 4 of the Dungeon)

   A truly terrible weapon, it drains the life of those it strikes.
   It protects you from fire.
 w - a +1 rapier of flaming
Missiles
 d - 2 throwing nets (quivered)
Armour
 b - a +0 leather armour (worn)
 c - a +1 helmet (worn)
 h - a +0 pair of gloves (worn)
 r - a +2 buckler (worn)
Jewellery
 n - a ring of see invisible (left hand)
Wands
 l - a wand of slowing (28/48)
 p - a wand of acid (7/15)
 q - a wand of digging (7/24)
Scrolls
 e - a scroll of acquirement {unknown}
 g - 2 scrolls of enchant armour
 k - 3 scrolls of noise {unknown}
 s - a scroll of teleportation
 v - 2 scrolls of identify
Potions
 t - a potion of agility
Books
 i - a book of Clouds

   Spells                             Type                      Level
   a - Mephitic Cloud                 Conjuration/Poison/Air       3
   b - Conjure Flame                  Conjuration/Fire             3
   c - Poisonous Cloud                Conjuration/Poison/Air       5
   d - Freezing Cloud                 Conjuration/Ice/Air          6
   e - Ring of Flames                 Charms/Fire                  7
 j - a Young Poisoner's Handbook

   Spells                             Type                      Level
   a - Sting                          Conjuration/Poison           1
   b - Mephitic Cloud                 Conjuration/Poison/Air       3
   c - Olgreb's Toxic Radiance        Poison                       4
   d - Alistair's Intoxication        Transmutation/Poison         5
   e - Venom Bolt                     Conjuration/Poison           5
 u - a book of Minor Magic

   Spells                             Type                      Level
   a - Magic Dart                     Conjuration                  1
   b - Blink                          Translocation                2
   c - Call Imp                       Summoning                    2
   d - Repel Missiles                 Charms/Air                   2
   e - Slow                           Hexes                        2
   f - Conjure Flame                  Conjuration/Fire             3
   g - Mephitic Cloud                 Conjuration/Poison/Air       3
Comestibles
 f - 3 meat rations


   Skills:
 * Level 8.0 Fighting
 + Level 11.0 Short Blades
 - Level 2.3 Throwing
 + Level 3.1 Armour
 * Level 9.4 Dodging
 * Level 9.3 Stealth
 * Level 1.3 Shields


You had 9 spell levels left.
You didn't know any spells.

Dungeon Overview and Level Annotations

Branches:
Dungeon (8/15)             Temple (1/1) D:6
   Lair: D:8-11

Altars:
Ashenzari
Cheibriados
Elyvilon
Fedhas
Gozag
Hepliaklqana
Kikubaaqudgha
Makhleb
Nemelex Xobeh
Okawaru
Qazlal
Ru
Sif Muna
Uskayaw
Xom
Yredelemnul
Zin
The Shining One

Shops:
D:4 (   D:6 }   D:8 }


Innate Abilities, Weirdness & Mutations

You are small and have problems with some larger weapons.
You are carnivorous and can eat meat at any time.


Message History

You puncture the centaur!
The centaur is almost dead.
The centaur closely misses you. The worker ant misses you.
The porcupine bites you!
You hit the centaur.
You kill the centaur!
You feel your intelligence returning.
Your Fighting skill increases to level 8!
Your Short Blades skill increases to level 11!
The porcupine bites you. You block the worker ant's attack.
You closely miss the porcupine.
You feel sick. You block the porcupine's attack.
You are struck by the porcupine's spines.
* * * LOW HITPOINT WARNING * * *
Your leather armour prevents you from hitting the porcupine.
You kill the worker ant!
The scorpion completely misses you.
You are struck by the porcupine's spines.
You die...
Your body crumbles into a pile of gold.

.....#....#..#
#.(.......#..# ...
..#..#.#..#..# ..♣
###..#....#..# .P..
#..#.......# .....
#..#.#.##.#######....P
#..#...............#..
###.)###.#.##....r......
<........#.##...@$......
###..#####.##.((.s......
#..##......($.......>.
#..##.................
#..##..........#####..
#..###########.# # #..#
#.# #... #.# .#


You could see a scorpion and a porcupine.

Vanquished Creatures
  Pikel (D:5)
  A troll (D:4)
  Sigmund (D:6)
  Eustachio (D:6)
  A wyvern (D:5)
  Menkaure (D:5)
  A hungry ghost (D:7)
  Duvessa (D:7)
  2 sky beasts (D:7)
  A black bear (D:7)
  An ice beast (D:7)
  A slave (D:4)
  2 phantoms
  3 ogres
  5 centaurs
  A crocodile (D:8)
  3 big kobolds
  5 bullfrogs
  Dowan (D:7)
  A scorpion (D:6)
  10 wights (D:7)
  A howler monkey (D:5)
  6 crimson imps
  5 quasits
  2 bullfrog skeletons
  2 hounds
  2 orc priests
  A gnoll shaman (D:5)
  An iguana (D:8)
  3 orc wizards
  2 worker ants
  A hound zombie (D:6)
  2 hound skeletons
  5 gnolls (D:5)
  10 adders
  5 oozes
  An adder zombie (D:7)
  8 worms
  4 dart slugs
  7 leopard geckos
  22 orcs
  7 giant cockroaches
  7 goblins
  10 hobgoblins
  8 jackals
  3 quokkas
  2 ball pythons
  5 bats
  5 frilled lizards
  A giant cockroach zombie (D:6)
  23 kobolds
  A leopard gecko skeleton (D:7)
  A quokka skeleton (D:5)
  10 rats
217 creatures vanquished.

Vanquished Creatures (others)
  A sky beast (D:5)
  A slave (D:5)
  A worker ant (D:5)
  A plant (D:8)
4 creatures vanquished.

Grand Total: 221 creatures vanquished

Notes
Turn   | Place    | Note
-------+----------+-------------------------------------------
     0 | D:1      | Leibowitz the Kobold Gladiator began the quest for the Orb.
     0 | D:1      | Reached XP level 1. HP: 12/12 MP: 1/1
   105 | D:1      | Reached XP level 2. HP: 13/18 MP: 2/2
   475 | D:1      | Reached XP level 3. HP: 22/22 MP: 3/3
   519 | D:1      | Reached skill level 1 in Stealth
   906 | D:2      | Reached XP level 4. HP: 20/27 MP: 4/4
  1119 | D:2      | Found a sacrificial altar of Ru.
  1278 | D:2      | Found a hide-covered altar of Uskayaw.
  1577 | D:2      | Reached XP level 5. HP: 19/32 MP: 5/5
  1894 | D:2      | Reached skill level 1 in Armour
  2256 | D:3      | Reached skill level 5 in Short Blades
  3183 | D:3      | Reached XP level 6. HP: 37/37 MP: 6/6
  3677 | D:4      | Noticed a troll
  3700 | D:4      | Killed a troll
  3700 | D:4      | Reached skill level 6 in Short Blades
  3700 | D:4      | Reached skill level 5 in Dodging
  3700 | D:4      | Reached XP level 7. HP: 44/44 MP: 7/7
  3819 | D:4      | Found Zohook's Antique Weapon Shoppe.
  3836 | D:4      | Bought a smoking rapier for 189 gold pieces
  3836 | D:4      | Identified the cursed +1 rapier of Umurcha {drain, rF+} (You bought it in a shop on level 4 of the Dungeon)
  3955 | D:5      | Entered Level 5 of the Dungeon
  3956 | D:5      | Upgraded the game from 0.20-a0-348-gd709e23 to 0.20-a0-350-ga83eecc
  3983 | D:5      | Noticed Pikel
  3984 | D:5      | Noticed Menkaure
  4240 | D:5      | Reached skill level 7 in Short Blades
  4240 | D:5      | Reached XP level 8. HP: 34/48 MP: 8/8
  4328 | D:5      | Reached skill level 5 in Stealth
  4451 | D:5      | Killed Pikel
  4451 | D:5      | Reached skill level 5 in Fighting
  4451 | D:5      | Reached skill level 8 in Short Blades
  4831 | D:5      | Reached XP level 9. HP: 41/55 MP: 9/9
  5096 | D:5      | Killed Menkaure
  5126 | D:5      | Reached skill level 9 in Short Blades
  5797 | D:6      | Found a staircase to the Ecumenical Temple.
  5807 | Temple   | Entered the Ecumenical Temple
  5947 | Temple   | Became a worshipper of Gozag Ym Sagoz the Greedy
  6240 | D:6      | Noticed Sigmund
  6306 | D:6      | Killed Sigmund
  6396 | D:6      | Found Goyrotej's Gadget Emporium.
  6430 | D:6      | Noticed Eustachio
  6450 | D:6      | Killed Eustachio
  6927 | D:6      | Reached skill level 10 in Short Blades
  7190 | D:7      | Reached XP level 10. HP: 63/63 MP: 10/10
  8286 | D:7      | Noticed Duvessa
  8286 | D:7      | Noticed Dowan
  8309 | D:7      | Killed Duvessa
  8318 | D:7      | Killed Dowan
  8695 | D:7      | Reached skill level 1 in Shields
  8965 | D:8      | Found Ejyowy's Gadget Boutique.
  9322 | D:8      | Reached skill level 11 in Short Blades
  9325 | D:8      | Impaled on a porcupine's spines

Vault maps used:
D:1:      kennysheep_arrival_seaside
D:2:      nicolae_overflow_hidden_temple, minmay_misc_feat_nine_boxes
D:4:      first_bread, serial_shops, nicolae_shop_overgrown_old_shop
D:5:      uniq_pikel, uniq_menkaure
D:6:      serial_shops, shop_statue, uniq_sigmund, uniq_eustachio
D:7:      cheibrodos_quashed, uniq_duvessa
D:8:      minmay_lair_entry_grove, serial_shops, shop
Temple:   nicolae_temple_elliptical

Skill      XL: |  1  2  3  4  5  6  7  8  9 10 |
---------------+-------------------------------+-----
Stealth        | 1 2 3 4 6 7 9 |  9.3
Dodging        | 4 5 6 8 9 |  9.4
Fighting       | 3 4 6 7 8 |  8.0
Armour         | 1 2 3 |  3.1
Short Blades   | 5 6 7 8 10 11 | 11.0
Shields        | 1 |  1.3
Throwing       | |  2.3

Action                   |  1- 3 |  4- 6 |  7- 9 | 10-12 || total
-------------------------+-------+-------+-------+-------++-------
Melee: Rapier            |    76 |   242 |   265 |   305 ||   888
Throw: Throwing net      |       |     4 |     2 |     7 ||    13
Invok: Potion Petition   |       |       |     1 |       ||     1
Evoke: Wand              |       |     1 |       |     2 ||     3
  Use: Potion            |     2 |     3 |     6 |     2 ||    13
       Scroll            |       |       |     5 |       ||     5
 Stab: Sleeping          |     1 |     5 |     6 |     3 ||    15
       Held in net/web   |       |     3 |     1 |     5 ||     9
       Distracted        |       |       |       |     2 ||     2
  Eat: Chunk             |     7 |    10 |     7 |       ||    24
       Beef jerky        |       |       |       |     2 ||     2
Armor: Leather armour    |    15 |    31 |    27 |    41 ||   114
       Skin              |       |       |    28 |       ||    28
Dodge: Dodged            |    49 |   142 |   193 |   217 ||   601
Block: Buckler           |       |       |       |    68 ||    68
